 Dungeon Crawl Stone Soup version 0.23.0 (webtiles) character file.

Game seed: 10923966616091002603

151 inmateoo the Sneak (level 5, -4/33 HPs)
             Began as an Octopode Transmuter on Feb 15, 2019.
             Killed from afar by an orc wizard (8 damage)
             ... with a magic dart
             ... on level 3 of the Dungeon.
             The game lasted 00:06:11 (3117 turns).

inmateoo the Sneak (Octopode Transmuter)            Turns: 3117, Time: 00:06:11

Health: -4/33      AC:  2    Str:  7    XL:     5   Next: 33%
Magic:  4/9        EV: 19    Int: 16    God:
Gold:   168        SH:  0    Dex: 17    Spells: 0/10 levels left

rFire    . . .     SeeInvis .     - Unarmed
rCold    . . .     Gourm    .   (shield currently unavailable)
rNeg     . . .     Faith    .   (helmet currently unavailable)
rPois    x         Spirit   .   (no amulet)
rElec    .         Reflect  .   p - -3 ring of strength (curse)
rCorr    .         Harm     .   (no ring)
MR       .....                  (no ring)
Stlth    +++.......             (no ring)
HPRegen  0.11/turn              (no ring)
MPRegen  0.11/turn              (no ring)
                                (no ring)
                                (no ring)

@: lethally poisoned (-4 -> -55), spider-form (expiring), very slightly
contaminated
A: tiny, almost no armour, stealthy swim, (amphibious), 8 rings, (constrict 8)
a: End Transformation


You were on level 3 of the Dungeon.
You were not hungry.
You were a venomous arachnid creature.
You visited 1 branch of the dungeon, and saw 4 of its levels.

You collected 168 gold pieces.

Inventory:

Hand Weapons
 b - a +1 short sword of protection
Missiles
 a - 30 arrows
Armour
 i - a +2 hat (melded)
Jewellery
 p - a cursed -3 ring of strength (left front leg)
Wands
 k - a wand of digging (6)
Scrolls
 h - a scroll of teleportation
 q - 2 scrolls of enchant armour
Potions
 c - a potion of berserk rage
 e - a potion of ambrosia {unknown}
 f - a potion of mutation
 g - a potion of lignification
 n - 2 potions of magic {unknown}
 o - a potion of agility
Comestibles
 j - 3 rations


   Skills:
 - Level 1.0 Fighting
 - Level 2.0 Dodging
 - Level 4.0 Stealth
 - Level 3.0 Unarmed Combat
 + Level 3.2 Spellcasting
 + Level 3.3 Transmutations


You couldn't memorise any spells.
You knew the following spells:

 Your Spells              Type           Power        Failure   Level  Hunger
a - Beastly Appendage     Tmut           ##....       14%         1    None
b - Sticks to Snakes      Tmut           ##......     19%         2    ##.....
c - Spider Form           Tmut/Pois      #.........   47%         3    ###....
d - Ice Form              Ice/Tmut       #.......     83%         4    ####...

Your spell library contained the following spells:

 Spells                   Type           Power        Failure   Level  Hunger
 Blade Hands              Tmut           ##........   90%         5    ######.


Dungeon Overview and Level Annotations

Branches:
Dungeon (4/15)
 Temple: D:4-7

Altars:
Elyvilon
Sif Muna
Yredelemnul

Annotations:
D:2 Sigmund
D:3 3 runed translucent doors, nuthulu's ghost, amateur DECj


Innate Abilities, Weirdness & Mutations

You cannot wear most types of armour.
You are very stealthy in the water. (Stealth+)
((You are amphibious.))
You can wear up to eight rings at the same time.
((You can use your tentacles to constrict eight enemies at once.))
((Your skin changes colour to match your surroundings (Stealth+).))
((Your rubbery body absorbs attacks. (AC +1, EV +1)))


Message History

You hit the orc.
The orc is moderately wounded.
You feel very sick. Something hits you.
You are more poisoned.
Deactivating autopickup; reactivate with Ctrl-A.
The orc barely misses you.
You miss something.
* * * LOW HITPOINT WARNING * * *
You feel very sick. Something barely misses you. The orc misses you.
Unknown command.
Unknown command.
You barely miss something.
* * * LOW HITPOINT WARNING * * *
You feel very sick.
You hear some strange, mumbled words.
A magic dart appears from out of thin air!
The magic dart hits you!
You die...

#.###..#................# # #.#
#..#.############.#.# ########.#
#...............#.#.#
.......#.###....##########.#.#.#
#####.##...................#.#.#
.......####.#(..############.#.#
#####..# #.#................#.#
...#...####.#..###############.##
................so.........)....#
##.............##################
##########.#..# #.......#.#..#
###.#####.#.#..# .......<#.#.#..#
###.#..##.#.#..# #.#.....#.#..#
#.###.###.#..#


You could see an orc.

Vanquished Creatures
  Crazy Yiuf (D:2)
  A worker ant (D:3)
  An adder (D:3)
  2 oozes
  3 worms (D:3)
  3 dart slugs
  2 leopard geckos (D:1)
  2 orcs
  A giant cockroach (D:1)
  7 hobgoblins
  10 jackals
  5 kobolds
  2 ball pythons
  6 bats
  2 frilled lizards
  9 goblins
  5 rats
62 creatures vanquished.

Notes
Turn   | Place    | Note
-------+----------+-------------------------------------------
     0 | D:1      | inmateoo the Octopode Transmuter began the quest for the
                  | Orb.
     0 | D:1      | Reached XP level 1. HP: 13/13 MP: 3/3
    29 | D:1      | Reached skill level 1 in Stealth
   124 | D:1      | Reached XP level 2. HP: 16/18 MP: 3/5
   384 | D:1      | Reached skill level 2 in Stealth
   777 | D:1      | Reached XP level 3. HP: 17/23 MP: 4/6
   893 | D:1      | Reached skill level 3 in Stealth
  1030 | D:1      | Learned a level 2 spell: Sticks to Snakes
  1034 | D:1      | Learned a level 3 spell: Spider Form
  1382 | D:2      | Found a deep blue altar of Sif Muna.
  1654 | D:2      | Found a white marble altar of Elyvilon.
  1733 | D:2      | Found a basalt altar of Yredelemnul.
  1734 | D:2      | Noticed Sigmund
  1784 | D:2      | Reached XP level 4. HP: 11/28 MP: 5/7
  2038 | D:2      | Found a runed translucent door.
  2039 | D:2      | Noticed Crazy Yiuf
  2052 | D:2      | Killed Crazy Yiuf
  2052 | D:2      | Reached skill level 4 in Stealth
  2505 | D:3      | Noticed nuthulu's ghost (amateur DECj)
  2506 | D:3      | Found a runed translucent gate.
  2507 | D:3      | Found a runed translucent gate.
  2507 | D:3      | Found a runed translucent gate.
  2537 | D:3      | Reached XP level 5. HP: 32/33 MP: 7/9
  3083 | D:4      | Noticed a phantom
  3097 | D:4      | Learned a level 4 spell: Ice Form
  3117 | D:3      | Killed from afar by an orc wizard

Skill      XL: |  1  2  3  4 |
---------------+-------------+-----
Stealth        | 1 2 3 4 |  4.0
Transmutations | 3 |  3.3
Spellcasting   | 3 |  3.2
Fighting       | |  1.0
Dodging        | |  2.0
Unarmed Combat | |  3.0

Action                   |  1- 3 |  4- 6 || total
-------------------------+-------+-------++-------
Melee: Unarmed           |    95 |    70 ||   165
       Constrict         |    22 |    15 ||    37
       Kick              |    16 |     1 ||    17
       Tentacles         |    11 |    13 ||    24
       Punch             |     1 |       ||     1
 Cast: Beastly Appendage |    15 |     1 ||    16
       Sticks to Snakes  |     1 |       ||     1
       Spider Form       |       |     3 ||     3
  Use: Scroll            |     7 |     4 ||    11
       Potion            |       |     1 ||     1
 Stab: Sleeping          |    10 |     4 ||    14
  Eat: Chunk             |     2 |     2 ||     4
       Ration            |       |     1 ||     1
Armor: Skin              |    10 |    16 ||    26
Dodge: Dodged            |    49 |    46 ||    95
